 Dungeon Crawl Stone Soup version 0.30-a0-989-g0d87f670db (webtiles) character file.

Game seed: 16728447085904036956

101719 workcheese the Warrior (level 15, -9/149 HPs)
             Began as a Minotaur Berserker on Feb 1, 2023.
             Was an Elder of Trog.
             Mangled by a tarantella (22 damage)
             ... on level 1 of the Spider Nest on Apr 3, 2023.
             The game lasted 01:31:12 (24241 turns).

workcheese the Warrior (Minotaur Berserker)        Turns: 24241, Time: 01:31:12

Health: -9/149     AC: 26    Str: 25      XL:     15   Next: 84%
Magic:  14/14      EV:  7    Int:  6 (8)  God:    Trog [****..]
Gold:   1086       SH: 18    Dex: 11 (12) Spells: 14/14 levels left

rFire   . . .      SeeInvis +    a - +2 broad axe
rCold   + + .      Faith    .    d - +0 tower shield
rNeg    + . .      Spirit   .    Y - +2 plate armour of Lacutz {rC++}
rPois   +          Reflect  .    (helmet unavailable)
rElec   .          Rampage  .    (no cloak)
rCorr   .                        p - +1 pair of gloves
Will    ++...                    U - +2 pair of boots {Stlth+} Stlth
                                 Z - amulet of regeneration
HPRegen 1.24/turn                N - ring of see invisible
MPRegen 0.14/turn                w - ring "Vyvex" {rPois rN+ Will+ Int+2}

@: hasted, very quick
A: horns 3, retaliatory headbutt, talons 1, deterioration 1, sturdy frame 1
a: Renounce Religion, Berserk, Trog's Hand, Brothers in Arms


You were on level 1 of the Spider Nest.
You worshipped Trog.
Trog was greatly pleased with you.
You visited 4 branches of the dungeon, and saw 24 of its levels.
You also visited: Sewer and Bailey.

You collected 2278 gold pieces.
You spent 1192 gold pieces at shops.

Inventory:

Hand Weapons
 a - a +2 broad axe (weapon)
 b - a +1 hand axe of flaming
 e - a +1 war axe
Missiles
 f - 2 atropa-tipped darts
 t - 33 poisoned darts (quivered)
 z - 3 silver boomerangs
 C - 4 silver javelins
 J - 3 boomerangs
 L - 2 throwing nets
 M - a curare-tipped dart
Armour
 d - a +0 tower shield (worn)
 g - a +0 plate armour of fire resistance
 p - a +1 pair of gloves (worn)
 U - a +2 pair of boots of stealth (worn)
 Y - the +2 plate armour of Lacutz (worn) {rC++}
   (You found it on level 3 of the Lair of Beasts)

   rC:        It greatly protects you from cold.
Jewellery
 l - a +4 ring of slaying
 w - the ring "Vyvex" (right hand) {rPois rN+ Will+ Int+2}
   (You found it on level 2 of the Dungeon)

   [ring of willpower]

   Int:       It affects your intelligence (+2).
   rPois:     It protects you from poison.
   rN:        It protects you from negative energy.
   Will:      It increases your willpower.
 D - a +6 ring of strength
 K - the amulet "Koge Ano" {Reflect rF+ Int+2 SH+5}
   (You found it on level 13 of the Dungeon)

   [amulet of reflection]

   It reflects blocked missile attacks.
   Int:       It affects your intelligence (+2).
   rF:        It protects you from fire.
   SH:        It affects your SH (+5).
 N - a ring of see invisible (left hand)
 S - an amulet of the acrobat
 X - the ring "Virymic" {rPois rC+ Int-2 Dex+3 Slay+2}
   (You found it on level 2 of the Lair of Beasts)

   [ring of protection from cold]

   Int:       It affects your intelligence (-2).
   Dex:       It affects your dexterity (+3).
   Slay:      It affects your accuracy & damage with ranged weapons and melee
   (+2).
   rC:        It protects you from cold.
   rPois:     It protects you from poison.
 Z - an amulet of regeneration (around neck)
Wands
 r - a wand of quicksilver (14)
 y - a wand of polymorph (11)
 F - a wand of mindburst (6)
 G - a wand of roots (6)
 T - a wand of flame (23)
Scrolls
 h - 4 scrolls of fear
 i - 2 scrolls of poison
 o - a scroll of fog
 u - 9 scrolls of teleportation
 B - a scroll of silence {unknown}
 H - 3 scrolls of vulnerability
 I - 4 scrolls of torment
 R - a scroll of blinking
 V - a scroll of immolation
 W - a scroll of magic mapping
Potions
 c - 4 potions of invisibility
 j - a potion of berserk rage
 k - 12 potions of curing
 m - 7 potions of lignification
 n - 9 potions of haste
 s - 2 potions of resistance
 v - 6 potions of mutation
 x - 2 potions of magic
 A - 4 potions of attraction
 E - 3 potions of flight
 O - 2 potions of might
 P - a potion of ambrosia
 Q - a potion of cancellation


   Skills:
 + Level 18.2 Fighting
 - Level 18.0 Axes
 + Level 18.1 Armour
 - Level 2.1 Dodging
 * Level 14.8 Shields


You had 14 spell levels left.
You didn't know any spells.
Your spell library was empty.

Dungeon Overview and Level Annotations

Branches:
Dungeon (15/15)            Temple (0/1) D:4            Lair (5/5) D:9
  Swamp (0/4) Lair:3       Spider (2/4) Lair:3        Slime (0/5) Lair:4
    Orc (2/2) D:10            Elf (0/3) Orc:2        Vaults (0/5) D:14
 Depths (0/4) D:15          Sewer (visited)          Bailey (visited)

Altars:
Dithmenos
Kikubaaqudgha
Nemelex Xobeh
Okawaru
Qazlal
Sif Muna
Uskayaw
Wu Jian
Xom
Zin
Jiyva
Lugonu

Shops:
D:13 (*[:=   Orc:2 (=?(

Portals:
Abyss: Lair:5


Innate Abilities, Weirdness & Mutations

You have a pair of large horns on your head.
You reflexively headbutt those who attack you in melee.
You have sharp toenails.
Your body sometimes deteriorates upon taking damage.
Your movements are slightly less encumbered by armour. (ER -2)


Message History

You feel much better.
The tarantella touches you but does no damage.
The wolf spider hits you. You block the wolf spider's attack.
The wolf spider hits you! You block the wolf spider's attack.
The tarantella touches you but does no damage.
The wolf spider barely misses you. You block the wolf spider's attack. x2
The wolf spider bites you.
You feel much better.
The tarantella touches you but does no damage.
You block the wolf spider's attack.
The wolf spider bites you but does no damage.
The wolf spider hits you but does no damage.
You block the wolf spider's attack. The tarantella closely misses you.
The wolf spider hits you!
The wolf spider bites you but does no damage.
The wolf spider hits you but does no damage.
You block the wolf spider's attack.
The tarantella rages.
You feel much better.
The tarantella touches you but does no damage.
You block the wolf spider's attack. x4; The tarantella touches you!!
The wolf spider hits you!
Your body deteriorates!
You feel clumsy. The wolf spider bites you!
* * * LOW HITPOINT WARNING * * *
The wolf spider hits you!!
* * * LOW HITPOINT WARNING * * *
Your body deteriorates!
You feel dopey.
The wolf spider bites you but does no damage.
The tarantella touches you but does no damage.
You block the wolf spider's attack. The wolf spider bites you!
* * * LOW HITPOINT WARNING * * *
You feel yourself speed up. The wolf spider barely misses you.
You furiously retaliate!
You headbutt the wolf spider!!
You kill the wolf spider!
Trog accepts your kill. You block the tarantella's attack.
You block the wolf spider's attack. The wolf spider barely misses you.
You block the tarantella's attack. The tarantella touches you!!
You die...

#.. #..# #...
#...### #####
.....# ..#.##
#)^######.....#
#.............
#.>....s...###
##..#.@s.....#^
####>#sy......
###?..#....
....# ...
#y..## .....
..#.... ..#....
#..#.....


You could see a wolf spider (berserk), a moth of wrath and 2 tarantellas.

Vanquished Creatures
  Jorgrun (D:15)
  Kirke (D:14)
  Agnes (D:14)
  Louise (D:14)
  A broodmother (Spider:1)
  A stone giant (Orc:1)
  Josephine (Lair:3)
  Harold (D:10)
  5 hydras
  A rakshasa (D:15)
  2 ogre magi (Orc:2)
  2 vault guards (Bailey)
  2 catoblepae
  The ghost of iguanaiguana the Slicer, a journeyman VSWn of Gozag (Lair:1)
  9 centaur warriors
  13 two-headed ogres
  A boulder beetle (D:15)
  2 tengu warriors (D:14)
  3 thrashing horrors (Lair:5)
  An orc high priest (Orc:1)
  2 skysharks
  Amaemon (D:10)
  3 deep trolls
  3 orc knights
  A glowing orange brain (D:15)
  2 bog bodies (Lair:3)
  A phantasmal warrior (D:14)
  A lindwurm (Lair:2)
  3 deep elf pyromancers
  4 oklob plants (Lair:2)
  15 ugly things
  A wolf spider (Spider:1)
  7 cyclopes
  3 manticores
  3 orc sorcerers
  A cyclops (shapeshifter) (D:15)
  5 elephants (Lair:4)
  2 gargoyles
  3 black mambas
  An unseen horror (D:11)
  10 cane toads
  5 rime drakes
  An orange demon (D:10)
  A torpor snail (Lair:5)
  A kobold demonologist (D:12)
  A rime drake (shapeshifter) (Lair:5)
  An ancient zyme (Lair:5)
  A troll (shapeshifter) (Lair:5)
  14 komodo dragons
  A tengu conjurer (D:14)
  A tarantella (Spider:1)
  3 polar bears
  14 trolls
  2 raiju (shapeshifter) (Lair:5)
  A hornet (D:8)
  Prince Ribbit (Bailey)
  3 dream sheep (Lair:5)
  14 blink frogs
  12 slime creatures
  A culicivora (Lair:3)
  A jumping spider (shapeshifter) (Lair:5)
  A centaur simulacrum (D:15)
  A shadow (D:9)
  A jumping spider (Lair:3)
  9 wraiths
  32 yaks
  3 humans (Bailey)
  5 wyverns
  5 hogs (D:14)
  12 small abominations (Lair:5)
  2 chaos spawn (Lair:5)
  4 steam dragons
  3 redbacks
  A redback (shapeshifter) (D:14)
  10 vampire mosquitoes
  11 basilisks
  3 wargs
  14 water moccasins
  3 acid dragons
  Duvessa (D:6)
  A black bear (Lair:2)
  14 orc warriors
  A sky beast (D:8)
  3 boggarts (D:15)
  26 ogres
  2 large abominations (Lair:5)
  18 centaurs
  A phantom (D:5)
  5 kobold brigands
  16 bullfrogs
  A necrophage (D:8)
  A gnoll sergeant (D:9)
  A scorpion (D:6)
  4 wights (D:9)
  Dowan (D:6)
  3 killer bees (D:9)
  3 electric eels
  2 howler monkeys
  A lava snake (D:15)
  4 hounds
  5 jellies
  13 orc priests
  2 gnoll boudas (D:7)
  4 iguanas
  19 orc wizards
  A hound zombie (D:3)
  A hound skeleton (D:3)
  Robin (D:3)
  16 gnolls
  6 adders
  5 river rats (Sewer)
  A shadow imp (D:6)
  2 white imps
  2 ufetubi
  An adder skeleton (D:3)
  A worm (D:2)
  54 orcs
  6 ball pythons
  7 endoplasms
  2 giant cockroaches
  23 goblins
  8 hobgoblins
  6 jackals (D:3)
  35 kobolds
  2 quokkas
  3 bats
  A frilled lizard (D:1)
  A giant cockroach zombie (D:3)
  A jackal zombie (D:3)
  20 rats
679 creatures vanquished.

Vanquished Creatures (collateral kills)
  2 slime creatures (D:13)
2 creatures vanquished.

Vanquished Creatures (others)
  A wizard (D:15)
  An ice beast (D:6)
  2 orcs (D:9)
  31 fungi
  58 plants
  2 withered plants (Lair:1)
95 creatures vanquished.

Grand Total: 776 creatures vanquished

Notes
Turn   | Place    | Note
-------+----------+-------------------------------------------
     0 | D:1      | workcheese the Minotaur Berserker began the quest for the
                  | Orb.
     0 | D:1      | Reached XP level 1. HP: 19/19 MP: 0/0
   216 | D:1      | Reached XP level 2. HP: 26/26 MP: 1/1
   708 | D:2      | Found a hide-covered altar of Uskayaw.
   782 | D:2      | Identified the ring "Vyvex" {rPois rN+ Will+ Int+2}
  1063 | D:2      | Reached skill level 5 in Axes
  1276 | D:3      | Reached XP level 3. HP: 25/31 MP: 2/2
  1376 | D:3      | Found a faded altar of an unknown god.
  1395 | D:3      | Reached XP level 4. HP: 39/39 MP: 3/3
  1513 | D:3      | Noticed Robin
  1517 | D:3      | Reached ** piety under Trog
  1527 | D:3      | Killed Robin
  1698 | D:4      | Found a hide-covered altar of Uskayaw.
  1725 | D:4      | Reached XP level 5. HP: 45/45 MP: 4/4
  1758 | D:4      | Found a staircase to the Ecumenical Temple.
  1761 | D:4      | Found an iron altar of Okawaru.
  2176 | D:5      | Entered Level 5 of the Dungeon
  2176 | D:5      | Noticed an ogre
  2179 | D:5      | Killed an ogre
  2180 | D:5      | Reached XP level 6. HP: 50/51 MP: 5/5
  2258 | D:5      | Found a glowing drain.
  2269 | Sewer    | Entered a sewer
  2366 | Sewer    | Reached *** piety under Trog
  2389 | Sewer    | Upgraded the game from 0.30-a0-737-gf23d94013f to
                  | 0.30-a0-800-g7c544603b3
  2488 | Sewer    | Reached XP level 7. HP: 57/57 MP: 6/6
  2922 | D:5      | Reached skill level 10 in Axes
  3040 | D:5      | Found an ancient bone altar of Kikubaaqudgha.
  3491 | D:6      | Noticed a steam dragon
  3499 | D:6      | Killed a steam dragon
  3501 | D:6      | Reached **** piety under Trog
  3504 | D:6      | Reached XP level 8. HP: 58/64 MP: 7/7
  3693 | D:6      | Noticed Duvessa
  3694 | D:6      | Noticed Dowan
  3702 | D:6      | Killed Duvessa
  3713 | D:6      | Killed Dowan
  3757 | D:6      | Found a shimmering blue altar of Sif Muna.
  4043 | D:6      | Reached XP level 9. HP: 70/70 MP: 8/8
  4506 | D:7      | Reached skill level 15 in Axes
  4631 | D:7      | Found a sparkling altar of Nemelex Xobeh.
  5369 | D:8      | Found a flagged portal.
  5379 | Bailey   | Entered a bailey
  5469 | Bailey   | Reached skill level 5 in Fighting
  5558 | Bailey   | Noticed a vault guard
  5558 | Bailey   | Noticed Prince Ribbit
  5563 | Bailey   | Killed Prince Ribbit
  5571 | Bailey   | Killed a vault guard
  5572 | Bailey   | Reached skill level 5 in Armour
  5572 | Bailey   | Reached XP level 10. HP: 84/84 MP: 9/9
  5630 | Bailey   | Noticed a vault guard
  5642 | Bailey   | Killed a vault guard
  6019 | D:8      | Noticed a two-headed ogre
  6029 | D:8      | Killed a two-headed ogre
  6768 | D:9      | Found a shimmering altar of Xom.
  7279 | D:9      | Found an ornate altar of the Wu Jian Council.
  7281 | D:9      | Found a glowing silver altar of Zin.
  7437 | D:9      | Found a staircase to the Lair.
  7846 | D:9      | Found a stormy altar of Qazlal.
  7847 | D:9      | Found a shadowy altar of Dithmenos.
  7988 | D:10     | Entered Level 10 of the Dungeon
  8006 | D:10     | Reached XP level 11. HP: 92/92 MP: 10/10
  8006 | D:10     | You fall into a shaft and drop 3 floors!
  8174 | D:13     | Noticed a centaur warrior
  8190 | D:13     | Killed a centaur warrior
  8462 | D:13     | Identified the amulet "Koge Ano" {Reflect rF+ Int+2 SH+5}
  8649 | D:11     | Noticed a red ugly thing
  8657 | D:11     | Killed a red ugly thing
  8662 | D:11     | Noticed a two-headed ogre
  8668 | D:11     | Killed a two-headed ogre
  8877 | D:10     | Noticed Harold
  8883 | D:10     | Reached skill level 10 in Fighting
  8887 | D:10     | Killed Harold
  8944 | D:10     | Reached skill level 10 in Armour
  8951 | D:10     | Found a staircase to the Orcish Mines.
  9108 | D:10     | Noticed Amaemon
  9120 | D:10     | Killed Amaemon
  9316 | D:10     | Found a transporter.
  9433 | D:10     | Identified the +2 falchion "Ynuthrov" {protect, rPois
                  | Int+3}
  9626 | D:11     | Reached XP level 12. HP: 110/110 MP: 11/11
 10612 | D:12     | Found an ancient bone altar of Kikubaaqudgha.
 11501 | Lair:1   | Entered Level 1 of the Lair of Beasts
 11537 | Lair:1   | Noticed a catoblepas
 11553 | Lair:1   | Killed a catoblepas
 11573 | Lair:1   | Found a runed translucent door.
 11575 | Lair:1   | Noticed iguanaiguana's ghost (journeyman VSWn)
 11614 | Lair:1   | Found a glowing silver altar of Zin.
 12617 | Lair:1   | Killed iguanaiguana's ghost
 12987 | Lair:2   | Noticed a seven-headed hydra
 12996 | Lair:2   | Killed a six-headed hydra
 12997 | Lair:2   | Reached XP level 13. HP: 124/124 MP: 12/12
 13919 | Lair:2   | Identified the ring "Virymic" {rPois rC+ Int-2 Dex+3
                  | Slay+2}
 14573 | Lair:3   | Found a staircase to the Swamp.
 14579 | Lair:3   | Reached skill level 15 in Fighting
 14637 | Lair:3   | Identified the +4 quarterstaff of Zumaot {freeze, rElec
                  | rPois Str-2 Dex+4}
 14644 | Lair:3   | Noticed Josephine
 14652 | Lair:3   | Killed Josephine
 14659 | Lair:3   | Reached skill level 15 in Armour
 14672 | Lair:3   | Identified the +2 plate armour of Lacutz {rC++}
 14779 | Lair:3   | Reached skill level 1 in Shields
 15151 | Lair:3   | Found a hole to the Spider Nest.
 16015 | Lair:4   | Found a staircase to the Slime Pits.
 16015 | Lair:4   | Found a viscous altar of Jiyva.
 16024 | Lair:4   | Reached skill level 5 in Shields
 16798 | Lair:5   | Entered Level 5 of the Lair of Beasts
 16871 | Lair:5   | Reached XP level 14. HP: 110/137 MP: 13/13
 18059 | Lair:5   | Found a corrupted altar of Lugonu.
 18059 | Lair:5   | Found a one-way gate to the infinite horrors of the Abyss.
 18289 | Lair:5   | Upgraded the game from 0.30-a0-800-g7c544603b3 to
                  | 0.30-a0-989-g0d87f670db
 18433 | Orc:1    | Entered Level 1 of the Orcish Mines
 18477 | Orc:1    | Gained mutation: You are partially covered in iridescent
                  | scales. (AC +2) [a neqoxec]
 18964 | Orc:1    | Gained mutation: You occasionally lose the ability to drink
                  | potions when taking damage. [a neqoxec]
 18965 | Orc:1    | Gained mutation: Armour fits poorly on your strangely
                  | shaped body. [a neqoxec]
 18970 | Orc:1    | Reached skill level 10 in Shields
 19583 | Orc:2    | Entered Level 2 of the Orcish Mines
 19653 | Orc:2    | Found Ataxt's Jewellery Shoppe.
 19675 | Orc:2    | Noticed a stone giant
 19956 | Orc:1    | Killed a stone giant
 20142 | Orc:1    | Lost mutation: Armour fits poorly on your strangely shaped
                  | body. [potion of mutation]
 20142 | Orc:1    | Lost mutation: You are partially covered in iridescent
                  | scales. (AC +2) [potion of mutation]
 20142 | Orc:1    | Gained mutation: You are partially covered in iridescent
                  | scales. (AC +2) [potion of mutation]
 20142 | Orc:1    | Gained mutation: Your movements are slightly less
                  | encumbered by armour. (ER -2) [potion of mutation]
 20142 | Orc:1    | Gained mutation: You passively map a small area around you.
                  | [potion of mutation]
 20143 | Orc:1    | Lost mutation: You occasionally lose the ability to drink
                  | potions when taking damage. [potion of mutation]
 20143 | Orc:1    | Lost mutation: You are partially covered in iridescent
                  | scales. (AC +2) [potion of mutation]
 20143 | Orc:1    | Lost mutation: You passively map a small area around you.
                  | [potion of mutation]
 20143 | Orc:1    | Gained mutation: You have a pair of large horns on your
                  | head. [potion of mutation]
 20143 | Orc:1    | Gained mutation: Your body sometimes deteriorates upon
                  | taking damage. [potion of mutation]
 20143 | Orc:1    | Gained mutation: You have sharp toenails. [potion of
                  | mutation]
 20218 | Orc:2    | Found Limpoe's Weapon Shop.
 20223 | Orc:2    | Found Dealues's Antique Weapon Emporium.
 20224 | Orc:2    | Found Sapiqy's Magic Scroll Shoppe.
 20261 | Orc:2    | Bought a scroll of identify for 30 gold pieces
 20261 | Orc:2    | Bought a scroll of identify for 30 gold pieces
 20261 | Orc:2    | Bought a scroll of identify for 30 gold pieces
 20312 | Orc:2    | Reached XP level 15. HP: 147/147 MP: 14/14
 20576 | Orc:2    | Found a staircase to the Elven Halls.
 20972 | Orc:2    | Bought a ring of see invisible for 210 gold pieces
 21242 | D:13     | Found Hotufyxee's Antique Weapon Boutique.
 21246 | D:13     | Found Qoliolye's Book Emporium.
 21248 | D:13     | Found Guretest's Assorted Antiques.
 21250 | D:13     | Found Haletav's Antique Armour Boutique.
 21250 | D:13     | Found Cikatawe's Jewellery Emporium.
 21258 | D:13     | Bought a scroll of blinking for 262 gold pieces
 21697 | D:13     | Bought a glowing kite shield for 210 gold pieces
 21819 | Orc:2    | Bought an amulet of regeneration for 420 gold pieces
 22119 | D:14     | Found a gate to the Vaults.
 22242 | D:14     | Noticed Kirke
 22257 | D:14     | Killed Kirke
 22503 | D:14     | Noticed Louise
 22516 | D:14     | Killed Louise
 22722 | D:14     | Noticed Agnes
 22733 | D:14     | Killed Agnes
 23112 | D:15     | Entered Level 15 of the Dungeon
 23198 | D:15     | Noticed Jorgrun
 23209 | D:15     | Killed Jorgrun
 23546 | D:15     | Found a staircase to the Depths.
 24090 | Spider:1 | Entered Level 1 of the Spider Nest
 24179 | Spider:1 | You fall into a shaft and drop 1 floor!
 24241 | Spider:1 | Mangled by a tarantella

Illustrated notes

Levels and vault maps discovered:
D:1:      dpeg_arrival_solitude, layout_loops_ring, reono_crystal_passage
D:2:      layout_loops_ring, basic_altar
D:3:      layout_basic, dreamdust_ecumenical_altar_statues, serial_undead,
          serial_undead_c, serial_undead_b, serial_undead_e, serial_undead_d,
          guppyfry_early_orc_mine, uniq_robin
D:4:      kennysheep_big_flooded_room, layout_basic,
          mainiacjoe_overflow_24_doors, mainiacjoe_overflow_paths,
          minmay_temple_entry_trees
D:5:      layout_basic, lemuel_round_altar, portal_sewer_entry_d
D:6:      layout_rooms, kennysheep_orc_sif_temple,
          chequers_serial_rivers_small_b, wad_rectangle_vault, uniq_duvessa
D:7:      layout_gridville, nicolae_overflow_hidden_temple
D:8:      layout_basic, enter_bailey_4, grunt_decor_one_mirror,
          kennysheep_generic_room_11
D:9:      layout_basic, mainiacjoe_overflow_cross_hatched,
          mainiacjoe_overflow_alcove_3, dpeg_oklobed_lair, chequers_big_river
D:10:     layout_roguey, erik_orc_4, nicolae_diode_basic, uniq_harold,
          uniq_amaemon
D:11:     layout_cave_pods
D:12:     layout_loops_ring, st_stairs_10, dk_vineyard_2,
          nicolae_kikubaaqudgha_miasma_corner
D:13:     layout_rooms, grunt_ministairs_7, nicolae_wooded_promenade
D:14:     layout_stronghold, david_vaults_4, amethyst_killhole, uniq_louise,
          uniq_agnes, uniq_kirke
D:15:     gammafunk_enter_depths_forms, layout_rooms,
          minmay_misc_feat_four_crosses, fungi_pond_lemuel, hex_tiny,
          nicolae_kite_square_tiling_tiny, uniq_jorgrun
Lair:1:   layout_cave_pods, basic_altar, gammafunk_ghost_grave,
          pdpol_lair_neglected_garden, beast_lair_carwin_3
Lair:2:   minmay_lair_oklob_tunnel, layout_concentric_octagons,
          serial_bayou_shore_a
Lair:3:   layout_misc_corridors, skrybe_swamp_entry_bodies,
          spider_nest_entry_funnel_web, serial_bayou_shore_b, uniq_josephine
Lair:4:   layout_hall_layers, nicolae_slime_entry_slimehenge, evilmike_ambush
          [evilmike_ambush_outer_corners, evilmike_ambush_inner_wall_1]
Lair:5:   hellmonk_lair_end_abyssal_woods, layout_cave_shapes
Spider:1: layout_spider_delve, ebering_ghost_xom, nicolae_crawler_farm
Spider:2: layout_spider_delve
Orc:1:    layout_caves, nicolae_orc_pool_cavern, guppyfry_orc_lava_fort
Orc:2:    st_orc_open, layout_caves

Skill      XL: |  1  2  3  4  5  6  7  8  9 10 11 12 13 14 15 |
---------------+----------------------------------------------+-----
Axes           | 4 5 7 8 9 11 14 16 18 | 18.0
Fighting       | 6 7 11 14 16 17 18 | 18.2
Armour         | 5 6 10 13 15 17 18 | 18.1
Shields        | 6 11 14 | 14.8
Dodging        | |  2.1

Action                     |  1- 3 |  4- 6 |  7- 9 | 10-12 | 13-15 || total
---------------------------+-------+-------+-------+-------+-------++-------
  Melee: Hand axe          |    58 |   107 |   107 |     2 |   366 ||   640
         Headbutt          |     7 |    13 |    62 |    91 |   262 ||   435
         Punch             |       |     1 |     3 |     6 |     3 ||    13
         War axe           |       |       |   191 |       |       ||   191
         Broad axe         |       |       |       |   429 |   648 ||  1077
  Throw: Dart              |       |       |       |     4 |     3 ||     7
 Invoke: Trog's Hand       |       |     2 |    10 |    25 |    33 ||    70
         Berserk           |       |     2 |     3 |    19 |    26 ||    50
  Evoke: Wand              |       |     2 |       |       |       ||     2
    Use: Scroll            |       |     5 |     4 |    14 |    13 ||    36
         Potion            |       |       |       |       |    14 ||    14
 Armour: Animal skin       |    12 |       |       |       |       ||    12
         Plate armour      |    16 |    56 |   145 |   201 |   675 ||  1093
  Dodge: Dodged            |    15 |    31 |    83 |   103 |   334 ||   566
  Block: Other             |     8 |    25 |    51 |    77 |    15 ||   176
         Reflection        |       |     1 |     2 |     1 |    10 ||    14
         Kite shield       |       |       |       |       |   584 ||   584
         Tower shield      |       |       |       |       |   188 ||   188

Table legend: (Time is in decaauts)
 A = Elapsed time spent in this place.
 B = Non-inter-level travel time spent in this place.
 C = Inter-level travel time spent in this place.
 D = Time resting spent in this place.
 E = Time spent auto-exploring this place.
 F = Levels seen in this place.
 G = Mean time per level.
                   A        B        C        D        E       F      G
               +--------+--------+--------+--------+--------+-----+--------+
         Total |  24379 |  22676 |   1703 |   1117 |  17698 |  26 |  937.7 |
       Dungeon |  14134 |  12815 |   1319 |    618 |  10064 |  15 |  942.3 |
          Lair |   6929 |   6642 |    287 |     52 |   5517 |   5 | 1385.8 |
   Spider Nest |    156 |    156 |      0 |      0 |    107 |   2 |   78.0 |
  Orcish Mines |   2170 |   2073 |     97 |    447 |   1257 |   2 | 1085.0 |
         Sewer |    558 |    558 |      0 |      0 |    405 |   1 |  558.0 |
        Bailey |    429 |    429 |      0 |      0 |    345 |   1 |  429.0 |
               +--------+--------+--------+--------+--------+-----+--------+

Top non-repeatable levels by time:
     D:9: 1693 daAuts
  Lair:2: 1602 daAuts
  Lair:5: 1513 daAuts
    D:10: 1497 daAuts
  Lair:3: 1376 daAuts
    D:14: 1283 daAuts
   Orc:1: 1268 daAuts
  Lair:1: 1247 daAuts
    D:12: 1208 daAuts
    D:13: 1190 daAuts
  Lair:4: 1189 daAuts
    D:11: 1116 daAuts
     D:8: 1025 daAuts
   Orc:2: 902 daAuts
     D:7: 793 daAuts
